 Dungeon Crawl Stone Soup version 0.24-a0-284-g9fb9971 (webtiles) character file.

Game seed: 17313947617326303652

568 Gorice the Chopper (level 7, 0/52 HPs)
             Began as a Gnoll Wanderer on May 4, 2019.
             Was an Initiate of Okawaru.
             Splashed by a jelly's acid (9 damage)
             ... on level 5 of the Dungeon.
             The game lasted 00:21:25 (4829 turns).

Gorice the Chopper (Gnoll Wanderer)                 Turns: 4829, Time: 00:21:26

Health: 0/52       AC:  1    Str: 16    XL:     7   Next: 33%
Magic:  12/12      EV:  7    Int: 15    God:    Okawaru [......]
Gold:   281        SH:  0    Dex: 14    Spells: 12/13 levels left

rFire    . . .     SeeInvis .   a - +3 hand axe
rCold    . . .     Gourm    .   (no shield)
rNeg     . . .     Faith    .   j - +1 chain mail
rPois    .         Spirit   .   (no helmet)
rElec    .         Reflect  .   (no cloak)
rCorr    .         Harm     .   (no gloves)
MR       .....                  z - +0 pair of boots
Stlth    ..........             (no amulet)
HPRegen  0.17/turn              P - +3 ring of protection
MPRegen  0.13/turn              (no ring)

@: corroded, drained
A: distributed training, fangs 1, strong nose
a: Renounce Religion


You were on level 5 of the Dungeon.
You worshipped Okawaru.
Okawaru was noncommittal.
You were not hungry.

You visited 1 branch of the dungeon, and saw 5 of its levels.
You also visited: Sewer.

You collected 281 gold pieces.

Inventory:

Hand Weapons
 a - a +3 hand axe (weapon)
 p - a +0 blowgun
 y - a cursed -2 long sword
Missiles
 k - 44 sling bullets
 q - 51 poisoned needles
 Y - 100 stones (quivered)
Armour
 c - a +0 robe
 h - a +0 ring mail
 j - a +1 chain mail (worn)
 u - a cursed +0 ring mail
 z - a +0 pair of boots (worn)
Jewellery
 P - a +3 ring of protection (left hand)
Wands
 v - a wand of paralysis (11)
Scrolls
 b - 4 scrolls of teleportation {!r}
 m - 3 scrolls of enchant armour
 t - a scroll of remove curse
 w - a scroll of enchant weapon
 x - 3 scrolls of blinking
Potions
 e - 5 potions of curing
 f - 2 potions of lignification {unknown}
 g - 7 potions of flight
 i - 4 potions of heal wounds {unknown}
 l - a potion of brilliance {unknown}
 n - 2 potions of berserk rage {unknown}
 o - a potion of mutation {unknown}
 r - 3 potions of might {unknown}
 s - a potion of agility {unknown}
 B - a potion of degeneration {unknown}
Comestibles
 d - 6 rations
 A - 4 chunks of flesh


   Skills:
 + Level 3.5(2.8) Fighting
 + Level 2.3(1.7) Short Blades
 + Level 2.3(1.7) Long Blades
 + Level 5.2(4.4) Axes
 + Level 2.3(1.7) Maces & Flails
 + Level 2.3(1.7) Polearms
 + Level 2.3(1.7) Staves
 + Level 2.3(1.7) Slings
 + Level 2.3(1.7) Bows
 + Level 2.3(1.7) Crossbows
 + Level 2.3(1.7) Throwing
 + Level 2.3(1.7) Armour
 + Level 2.3(1.7) Dodging
 + Level 2.3(1.7) Stealth
 + Level 3.5(2.8) Shields
 + Level 2.3(1.7) Unarmed Combat
 + Level 3.7(3.0) Spellcasting
 + Level 1.9(1.3) Conjurations
 + Level 4.3(3.5) Hexes
 + Level 1.9(1.3) Charms
 + Level 1.9(1.3) Summonings
 + Level 1.9(1.3) Necromancy
 + Level 1.9(1.3) Translocations
 + Level 1.9(1.3) Transmutations
 + Level 1.9(1.3) Fire Magic
 + Level 1.9(1.3) Ice Magic
 + Level 1.9(1.3) Air Magic
 + Level 1.9(1.3) Earth Magic
 + Level 4.3(3.5) Poison Magic
 + Level 2.6(1.9) Invocations
 + Level 3.5(2.8) Evocations


You had 12 spell levels left.
You knew the following spells:

 Your Spells              Type           Power        Failure   Level  Hunger
a - Summon Small Mammal   Summ           #...         92%         1    #......

Your spell library contained the following spells:

 Spells                   Type           Power        Failure   Level  Hunger
 Recall                   Summ/Tloc      N/A          100%        3    ###....


Dungeon Overview and Level Annotations

Branches:
Dungeon (5/15)
 Temple: D:4-7

Altars:
Cheibriados
Okawaru
Qazlal
Wu Jian


Innate Abilities, Weirdness & Mutations

Your experience applies equally to all skills.
You have very sharp teeth.
Your uncanny sense of smell can sniff out nearby items.


Message History

The adder bites you but does no damage.
You hit the adder.
You kill the adder!
Okawaru accepts your kill. The jelly hits you but does no damage.
You see here an adder corpse.
You hit the jelly.
Your hands burn!
The jelly is moderately wounded.
The jelly hits you but does no damage.
Damage: 5 (max 5)
Your chain mail prevents you from hitting the jelly.
The jelly is moderately wounded.
The jelly hits you but does no damage.
You hit the jelly. The acid corrodes you!
Your hands burn!
You bite the jelly, but do no damage.
The jelly is moderately wounded.
The jelly hits you but does no damage.
Damage: 2 (max 5)
You slash the jelly! The acid corrodes you!
Your hands burn!
The jelly is almost dead.
The jelly hits you but does no damage.
Damage: 2 (max 5)
You hit the jelly. The acid corrodes you!
Your hands burn!
The jelly is almost dead.
The jelly hits you.
You are splashed with acid.
Damage: 12 (max 12)
You completely miss the jelly. You bite the jelly, but do no damage.
The jelly is almost dead.
The jelly hits you.
You are splashed with acid!
Damage: 10 (max 12)
You hit the jelly but do no damage.
Your hands burn!
* * * LOW HITPOINT WARNING * * *
The jelly is almost dead.
The jelly hits you.
* * * LOW HITPOINT WARNING * * *
The acid corrodes you!
You are splashed with acid.
* * * LOW HITPOINT WARNING * * *
Damage: 12 (max 12)
You feel better. The jelly hits you.
* * * LOW HITPOINT WARNING * * *
You are splashed with acid!
* * * LOW HITPOINT WARNING * * *
Damage: 4 (max 12) Unknown command.
Things that are here:
a +0 hand axe; a +0 leather armour; an orc corpse You feel better.
The jelly hits you.
* * * LOW HITPOINT WARNING * * *
You are splashed with acid!
You die...

.......$.....∆
............
...........
..# ..........
.. #........
∆.. #......#
.# ∆ #†# #.#
#J##..# ∆
∆#.@..# ###.##
#>.# ∆ #. #..#
#.# #..### #.#
#####....## #.
#.#
##.....##..# .
....# #.#
#..#########
.. ##### ....#
#.# #.##
#..##....


You could see a jelly.

Vanquished Creatures
  A big kobold (Sewer)
  2 howler monkeys (D:4)
  A bullfrog zombie (D:5)
  An iguana (D:5)
  2 worker ants
  A mummy (D:5)
  A hound zombie (D:5)
  3 gnolls
  5 river rats (Sewer)
  10 adders
  An ooze (D:4)
  An adder skeleton (D:4)
  2 worms
  3 dart slugs
  3 orcs
  6 ball pythons
  8 giant cockroaches
  6 goblins
  10 hobgoblins
  7 jackals
  A quokka (D:3)
  8 bats
  6 frilled lizards
  21 kobolds
  26 rats
136 creatures vanquished.

Notes
Turn   | Place    | Note
-------+----------+-------------------------------------------
     0 | D:1      | Gorice the Gnoll Wanderer began the quest for the Orb.
     0 | D:1      | Gorice set off with the following items: a +2 hand axe, a
                  | +0 robe, a ration; and the following spell memorised:
                  | Summon Small Mammal; and the following spells available to
                  | memorise: Recall
     0 | D:1      | Reached XP level 1. HP: 17/17 MP: 4/4
   192 | D:1      | Reached XP level 2. HP: 14/23 MP: 5/5
   742 | D:1      | Reached XP level 3. HP: 28/28 MP: 7/7
   929 | D:2      | Reached skill level 1 in Invocations
  1220 | D:2      | Reached skill level 1 in Short Blades
  1220 | D:2      | Reached skill level 1 in Long Blades
  1220 | D:2      | Reached skill level 1 in Maces & Flails
  1220 | D:2      | Reached skill level 1 in Polearms
  1220 | D:2      | Reached skill level 1 in Staves
  1220 | D:2      | Reached skill level 1 in Slings
  1220 | D:2      | Reached skill level 1 in Bows
  1220 | D:2      | Reached skill level 1 in Crossbows
  1220 | D:2      | Reached skill level 1 in Throwing
  1220 | D:2      | Reached skill level 1 in Armour
  1220 | D:2      | Reached skill level 1 in Dodging
  1220 | D:2      | Reached skill level 1 in Stealth
  1220 | D:2      | Reached skill level 1 in Unarmed Combat
  1320 | D:2      | Reached XP level 4. HP: 34/34 MP: 8/8
  1568 | D:3      | Reached skill level 3 in Spellcasting
  1760 | D:3      | Found a glowing drain.
  1778 | D:3      | Reached skill level 1 in Conjurations
  1778 | D:3      | Reached skill level 1 in Charms
  1778 | D:3      | Reached skill level 1 in Summonings
  1778 | D:3      | Reached skill level 1 in Necromancy
  1778 | D:3      | Reached skill level 1 in Translocations
  1778 | D:3      | Reached skill level 1 in Transmutations
  1778 | D:3      | Reached skill level 1 in Fire Magic
  1778 | D:3      | Reached skill level 1 in Ice Magic
  1778 | D:3      | Reached skill level 1 in Air Magic
  1778 | D:3      | Reached skill level 1 in Earth Magic
  1827 | Sewer    | Entered a sewer
  1884 | Sewer    | Reached XP level 5. HP: 35/40 MP: 9/9
  1991 | Sewer    | Noticed a big kobold
  2009 | Sewer    | Killed a big kobold
  2009 | Sewer    | Reached skill level 3 in Fighting
  2009 | Sewer    | Reached skill level 3 in Shields
  2009 | Sewer    | Reached skill level 4 in Hexes
  2009 | Sewer    | Reached skill level 4 in Poison Magic
  2009 | Sewer    | Reached skill level 3 in Evocations
  2196 | Sewer    | HP: 9/41 [river rat (7)]
  2200 | Sewer    | Reached XP level 6. HP: 6/47 MP: 10/10
  2684 | Sewer    | Reached skill level 2 in Invocations
  2984 | D:3      | Found a stormy altar of Qazlal.
  3714 | D:4      | Reached skill level 5 in Axes
  3747 | D:4      | Reached skill level 2 in Short Blades
  3747 | D:4      | Reached skill level 2 in Long Blades
  3747 | D:4      | Reached skill level 2 in Maces & Flails
  3747 | D:4      | Reached skill level 2 in Polearms
  3747 | D:4      | Reached skill level 2 in Staves
  3747 | D:4      | Reached skill level 2 in Slings
  3747 | D:4      | Reached skill level 2 in Bows
  3747 | D:4      | Reached skill level 2 in Crossbows
  3747 | D:4      | Reached skill level 2 in Throwing
  3747 | D:4      | Reached skill level 2 in Armour
  3747 | D:4      | Reached skill level 2 in Dodging
  3747 | D:4      | Reached skill level 2 in Stealth
  3747 | D:4      | Reached skill level 2 in Unarmed Combat
  3779 | D:4      | Found an ornate altar of the Wu Jian Council.
  3793 | D:4      | Found an iron altar of Okawaru.
  4384 | D:4      | Reached XP level 7. HP: 46/52 MP: 12/12
  4500 | D:5      | Entered Level 5 of the Dungeon
  4608 | D:5      | Found a snail-covered altar of Cheibriados.
  4715 | D:4      | Became a worshipper of Warmaster Okawaru
  4825 | D:5      | HP: 13/52 [acid (5)]
  4825 | D:5      | HP: 6/52 [acid (5)]
  4826 | D:5      | HP: 2/52 [acid (7)]
  4829 | D:5      | Splashed by a jelly's acid

Levels and vault maps discovered:
D:1:      eino_arrival_cavern_a, layout_loops_ring
D:2:      layout_rooms
D:3:      layout_loops_ring, cheibrodos_sewer_entry_drain,
          grunt_decor_one_mirror, nicolae_qazlal_general_emergency
D:4:      layout_loops_corners, kennysheep_little_box,
          nicolae_overflow_hidden_temple, nrook_mini_vaults
D:5:      layout_rooms, grunt_dithmenos_smoke, old_standard_altar, slow_altar_1,
          minmay_temple_entry_antechambers, first_ration, minmay_crystal_room,
          grunt_ministairs_6, kennysheep_generic_room_15, uniq_eustachio

Skill      XL: |  1  2  3  4  5  6 |
---------------+-------------------+-----
Invocations    | 1 2 |  2.6
Short Blades   | 1 2 |  2.3
Long Blades    | 1 2 |  2.3
Maces & Flails | 1 2 |  2.3
Polearms       | 1 2 |  2.3
Staves         | 1 2 |  2.3
Slings         | 1 2 |  2.3
Bows           | 1 2 |  2.3
Crossbows      | 1 2 |  2.3
Throwing       | 1 2 |  2.3
Armour         | 1 2 |  2.3
Dodging        | 1 2 |  2.3
Stealth        | 1 2 |  2.3
Unarmed Combat | 1 2 |  2.3
Spellcasting   | 3 |  3.7
Conjurations   | 1 |  1.9
Charms         | 1 |  1.9
Summonings     | 1 |  1.9
Necromancy     | 1 |  1.9
Translocations | 1 |  1.9
Transmutations | 1 |  1.9
Fire Magic     | 1 |  1.9
Ice Magic      | 1 |  1.9
Air Magic      | 1 |  1.9
Earth Magic    | 1 |  1.9
Fighting       | 3 |  3.5
Shields        | 3 |  3.5
Hexes          | 4 |  4.3
Poison Magic   | 4 |  4.3
Evocations     | 3 |  3.5
Axes           | 5 |  5.2

Action                   |  1- 3 |  4- 6 |  7- 9 || total
-------------------------+-------+-------+-------++-------
Melee: Hand axe          |   111 |   253 |    58 ||   422
       Bite              |     9 |    20 |     6 ||    35
       Punch             |     1 |     2 |       ||     3
Throw: Stone             |     2 |    13 |     4 ||    19
  Use: Scroll            |     5 |     1 |     3 ||     9
       Potion            |       |       |     2 ||     2
  Eat: Chunk             |     1 |    10 |     2 ||    13
Armor: Robe              |     9 |       |       ||     9
       Ring mail         |     2 |       |       ||     2
       Chain mail        |    60 |   137 |    36 ||   233
Dodge: Dodged            |    52 |    76 |    19 ||   147

Table legend:
 A = Non-vault XP
 B = Vault XP
 C = Vault XP percentage of total XP
 D = Non-vault monster count
 E = Vault monster count
 F = Vault count percentage of total count
                 A         B        C        D         E       F
            +---------+---------+-------+---------+---------+-------
      Total |     568 |     244 |  30.0 |      84 |      52 |  38.2
            +---------+---------+-------+---------+---------+-------
        D:1 |      35 |       0 |   0.0 |      21 |       0 |   0.0
        D:2 |      67 |       0 |   0.0 |      17 |       0 |   0.0
        D:3 |      97 |       8 |   7.6 |      22 |       3 |  12.0
        D:4 |     205 |       0 |   0.0 |      14 |       0 |   0.0
        D:5 |     164 |      21 |  11.4 |      10 |       1 |   9.1
      Sewer |       0 |     215 | 100.0 |       0 |      48 | 100.0
            +---------+---------+-------+---------+---------+-------

Table legend:
 A = Turns spent in this place as a percentage of turns spent in the entire game.
 B = Non-inter-level travel turns spent in this place as a percentage of non-inter-level travel turns spent in the entire game.
 C = Inter-level travel turns spent in this place as a percentage of turns spent in this place.
 D = Turns resting spent in this place as a percentage of non-inter-level travel turns spent in this place.
 E = Turns spent auto-exploring this place as a percentage of non-inter-level travel turns spent in this place.
 F = Non-inter-level travel turns spent in this place divided by the number of levels of this place that you've seen.
                   A       B       C       D       E      F
               +-------+-------+-------+-------+-------+----------------------
         Total | 100.0 | 100.0 |   3.0 |  19.6 |  43.2 | 780.5
       Dungeon |  77.7 |  77.0 |   3.9 |  13.0 |  50.6 | 720.8
         Sewer |  22.3 |  23.0 |   0.0 |  41.6 |  18.3 | 1079.0
               +-------+-------+-------+-------+-------+----------------------

Levels and vault maps discovered:
D:1:      eino_arrival_cavern_a, layout_loops_ring
D:2:      layout_rooms
D:3:      layout_loops_ring, cheibrodos_sewer_entry_drain,
          grunt_decor_one_mirror, nicolae_qazlal_general_emergency
D:4:      layout_loops_corners, kennysheep_little_box,
          nicolae_overflow_hidden_temple, nrook_mini_vaults
D:5:      layout_rooms, grunt_dithmenos_smoke, old_standard_altar, slow_altar_1,
          minmay_temple_entry_antechambers, first_ration, minmay_crystal_room,
          grunt_ministairs_6, kennysheep_generic_room_15, uniq_eustachio
